 Dungeon Crawl Stone Soup version 0.31-a0-1074-g0b22e4e0f1 (webtiles) character file.

Game seed: 500041936159908567

426 quinnr the Gusty (level 6, -20/32 HPs)
             Began as a Tengu Air Elementalist on Dec 8, 2023.
             Demolished by an ogre
             ... wielding a +0 giant club
              (31 damage)
             ... on level 5 of the Dungeon.
             The game lasted 00:07:29 (3597 turns).

quinnr the Gusty (Tengu Air Elementalist)           Turns: 3597, Time: 00:07:30

Health: -20/32     AC:  3    Str:  8    XL:     6   Next: 97%
Magic:  8/10       EV: 27    Int: 18    God:
Gold:   176        SH:  0    Dex: 14    Spells: 2/9 levels left

rFire   + . .        g - +3 dagger
rCold   . . .        (no shield)
rNeg    . . .        a - +0 robe
rPois   +            (helmet restricted)
rElec   .            (no cloak)
rCorr   .            m - +0 pair of gloves
SInv    .            (boots unavailable)
Will    .....        (no amulet)
Stlth   ++           F - ring of protection from fire
HPRegen 0.25/turn    P - ring of poison resistance
MPRegen 0.12/turn

%: acrobat
@: acrobatic
A: beak, talons 3, acrobatic
a: no special abilities


You were on level 5 of the Dungeon.
You visited 1 branch of the dungeon, and saw 5 of its levels.

You collected 176 gold pieces.


Innate Abilities, Weirdness & Mutations

You have a beak for a mouth.
You have claws for feet.
You can magically evade attacks while moving or waiting.


   Skills:
 - Level 2.1 Dodging
 - Level 2.0 Stealth
 - Level 2.0 Spellcasting
 + Level 6.4 Conjurations
 + Level 7.6 Air Magic


You had 2 spell levels left.
You knew the following spells:

 Your Spells              Type           Power      Damage    Failure   Level
a - Airstrike             Air            14%        2d(3-19)  8%          4
t - Static Discharge      Conj/Air       54%        3-6/arc   1%          2
z - Shock                 Conj/Air       100%       1d9       1%          1

Your spell library contained the following spells:

 Spells                   Type           Power      Damage    Failure   Level
 Swiftness                Air            29%        N/A       2%          3

Inventory:

Hand Weapons
 g - a +3 dagger (weapon)
 k - a +0 dagger of venom
Missiles
 s - 2 atropa-tipped darts
Armour
 a - a +0 robe (worn)
 m - a +0 pair of gloves (worn)
Jewellery
 F - a ring of protection from fire (left hand)
 P - a ring of poison resistance (right hand)
Wands
 u - a wand of iceblast (4)
Scrolls
 c - 2 scrolls of noise {unknown}
 d - 2 scrolls of revelation {unknown}
 j - 4 scrolls of identify {unknown}
 l - 2 scrolls of amnesia {unknown}
 o - 2 scrolls of teleportation {unknown}
 r - a scroll of enchant armour {unknown}
Potions
 b - a potion of magic
 e - a potion of berserk rage {unknown}
 f - a potion of mutation {unknown}
 h - a potion of might {unknown}
 i - a potion of lignification {unknown}
 n - a potion of haste {unknown}
 p - a potion of cancellation {unknown}
 q - 2 potions of curing {unknown}
 t - a potion of heal wounds {unknown}
 v - a potion of enlightenment {unknown}
 w - a potion of resistance {unknown}

Dungeon Overview and Level Annotations

Branches:
Dungeon (5/15)
 Temple: D:4-7

Altars:
Sif Muna
Wu Jian

Annotations:
D:4 2 transporters

.# ..##### ## ...... .#
#...# .# #...### .# #
..###.....####.## #
..........##...# #
#.......@O#...... #
#.....(##........ #####
#.....##.....#...
#...### #..#.........#
##
......###..#..##..>..#
..............###......
#########..........#####
# ####..###### ..#


You could see an ogre.


Message History

You can't see any susceptible monsters within range! (Use Z to cast anyway.)
The zap hits the hound.
The hound is severely wounded.
The zap misses the hound.
The hound closely misses you.
The zap hits the hound.
You kill the hound!
You can't see any susceptible monsters within range! (Use Z to cast anyway.)
You can't see any susceptible monsters within range! (Use Z to cast anyway.)
You now have 165 gold pieces (gained 16).
Found 11 gold pieces.
Key pressed, stopping explore.
You now have 176 gold pieces (gained 11).
Found 8 stones.
Found a scroll labelled DYTE YSOQUCZO.
Found a stone staircase leading down.
j - 4 scrolls labelled DYTE YSOQUCZO (gained 1)
An ogre comes into view. It is wielding a +0 giant club.
The zap hits the ogre.
The ogre is lightly wounded.
An ogre is nearby!
An ogre is nearby!
The zap hits the ogre.
The ogre is lightly wounded.
The ogre hits you with a +0 giant club!!
Ouch! That really hurt!
* * * LOW HITPOINT WARNING * * *
The ogre attacks as it pursues you!
The ogre hits you with a +0 giant club!!
Ouch! That really hurt!
You die...

Skill      XL: |  1  2  3  4  5  6 |
---------------+-------------------+-----
Conjurations   | 2 3 4 5 6 |  6.4
Air Magic      | 5 6 7 |  7.6
Dodging        | |  2.1
Stealth        | |  2.0
Spellcasting   | |  2.0

Action                     |  1- 3 |  4- 6 || total
---------------------------+-------+-------++-------
  Melee: Unarmed           |     8 |       ||     8
         Kick              |     5 |     1 ||     6
         Dagger            |     2 |     4 ||     6
   Cast: Shock             |    66 |   108 ||   174
 Armour: Robe              |     9 |    24 ||    33
  Dodge: Dodged            |    11 |    24 ||    35

Levels and vault maps discovered:
D:1:      zelgadis_glass_arrival_small, layout_loops_cross,
          minmay_misc_feat_square
D:2:      layout_basic, uniq_natasha, uniq_robin
D:3:      layout_rooms, gammafunk_temple_overflow_elements
D:4:      gammafunk_wand_slinger, layout_basic, serial_shops,
          nicolae_shop_tiny_glass, minmay_bent
D:5:      layout_loops_ring, minmay_temple_entry_proselytizer, eino_tiny_chamber

Notes
Turn   | Place    | Note
-------+----------+-------------------------------------------
     0 | D:1      | quinnr the Tengu Air Elementalist began the quest for the
                  | Orb.
     0 | D:1      | Reached XP level 1. HP: 10/10 MP: 4/4
   116 | D:1      | Reached skill level 2 in Conjurations
   125 | D:1      | Reached XP level 2. HP: 15/15 MP: 0/6
   778 | D:1      | Reached XP level 3. HP: 19/19 MP: 5/7
   972 | D:1      | Reached skill level 3 in Conjurations
  1265 | D:2      | Reached skill level 5 in Air Magic
  1439 | D:2      | Noticed Natasha
  1444 | D:2      | Killed Natasha
  1445 | D:2      | Reached XP level 4. HP: 24/24 MP: 4/8
  1816 | D:2      | Noticed Robin
  2014 | D:2      | Reached skill level 4 in Conjurations
  2061 | D:2      | Killed Robin
  2306 | D:3      | Found a shimmering blue altar of Sif Muna.
  2306 | D:3      | Found an ornate altar of the Wu Jian Council.
  2782 | D:4      | Reached skill level 6 in Air Magic
  2782 | D:4      | Reached XP level 5. HP: 14/28 MP: 2/9
  3037 | D:4      | Found a transporter.
  3163 | D:4      | Reached skill level 5 in Conjurations
  3218 | D:4      | Reached XP level 6. HP: 20/32 MP: 4/10
  3240 | D:4      | Found a transporter.
  3248 | D:5      | Entered Level 5 of the Dungeon
  3356 | D:5      | Reached skill level 7 in Air Magic
  3428 | D:5      | Learned a level 4 spell: Airstrike
  3431 | D:5      | Learned a level 2 spell: Static Discharge
  3477 | D:5      | Noticed a water moccasin
  3485 | D:5      | Killed a water moccasin
  3486 | D:5      | Reached skill level 6 in Conjurations
  3597 | D:5      | Demolished by an ogre

Vanquished Creatures
  A water moccasin (D:5)
  A scorpion (D:5)
  2 hounds
  A jelly (D:4)
  2 iguanas (D:4)
  Natasha (D:2)
  Robin (D:2)
  2 worms (D:3)
  A dart slug (D:2)
  6 orcs
  4 ball pythons
  6 endoplasms
  A giant cockroach (D:1)
  18 goblins
  6 hobgoblins
  3 jackals (D:1)
  5 quokkas
  4 bats
  A frilled lizard (D:1)
  5 kobolds
  4 rats
75 creatures vanquished.

Table legend: (Time is in decaauts)
 A = Elapsed time spent in this place.
 B = Non-inter-level travel time spent in this place.
 C = Inter-level travel time spent in this place.
 D = Time resting spent in this place.
 E = Time spent auto-exploring this place.
 F = Levels seen in this place.
 G = Mean time per level.
                   A        B        C        D        E       F      G
               +--------+--------+--------+--------+--------+-----+--------+
         Total |   3595 |   3488 |    107 |    295 |   2628 |   5 |  719.0 |
       Dungeon |   3595 |   3488 |    107 |    295 |   2628 |   5 |  719.0 |
               +--------+--------+--------+--------+--------+-----+--------+

Top non-repeatable levels by time:
     D:1: 1159 daAuts
     D:2: 1035 daAuts
     D:3: 528 daAuts
     D:4: 524 daAuts
     D:5: 348 daAuts

Table legend:
 A = Non-vault XP
 B = Vault XP
 C = Vault XP percentage of total XP
 D = Non-vault monster count
 E = Vault monster count
 F = Vault count percentage of total count
                 A         B        C        D         E       F
            +---------+---------+-------+---------+---------+-------
      Total |     499 |     110 |  18.1 |      60 |      15 |  20.0
            +---------+---------+-------+---------+---------+-------
        D:1 |      45 |       0 |   0.0 |      27 |       0 |   0.0
        D:2 |      23 |      73 |  76.0 |      12 |      13 |  52.0
        D:3 |      15 |       0 |   0.0 |       5 |       0 |   0.0
        D:4 |     138 |      37 |  21.1 |      11 |       2 |  15.4
        D:5 |     278 |       0 |   0.0 |       5 |       0 |   0.0
            +---------+---------+-------+---------+---------+-------

Levels and vault maps discovered:
D:1:      zelgadis_glass_arrival_small, layout_loops_cross,
          minmay_misc_feat_square
D:2:      layout_basic, uniq_natasha, uniq_robin
D:3:      layout_rooms, gammafunk_temple_overflow_elements
D:4:      gammafunk_wand_slinger, layout_basic, serial_shops,
          nicolae_shop_tiny_glass, minmay_bent
D:5:      layout_loops_ring, minmay_temple_entry_proselytizer, eino_tiny_chamber
